 Dungeon Crawl Stone Soup version 0.30.1-3-gfc49f6343a (webtiles) character file.

Game seed: 14760202692086029291

653 Anriel the Chopper (level 7, -4/52 HPs)
             Began as a Human Gladiator on July 18, 2023.
             Slain by a sky beast (5 damage)
             ... on level 6 of the Dungeon.
             The game lasted 00:27:58 (4396 turns).

Anriel the Chopper (Human Gladiator)                Turns: 4396, Time: 00:27:59

Health: -4/52      AC:  9    Str: 16    XL:     7   Next: 84%
Magic:  7/7        EV: 12    Int:  8    God:
Gold:   211        SH:  0    Dex: 15    Spells: 6/6 levels left

rFire   + . .        a - +1 war axe
rCold   + . .        (no shield)
rNeg    . . .        p - +0 ring mail {rC+}
rPois   .            c - +0 helmet
rElec   .            (no cloak)
rCorr   .            (no gloves)
SInv    .            b - +1 pair of boots
Will    .....        (no amulet)
Stlth   +            v - ring of protection from fire
HPRegen 0.28/turn    (no ring)
MPRegen 0.10/turn

%: no passive effects
@: no status effects
A: no striking features
a: no special abilities


You were on level 6 of the Dungeon.
You visited 1 branch of the dungeon, and saw 6 of its levels.
You also visited: Sewer.

You collected 224 gold pieces.
You spent 13 gold pieces at shops.

Inventory:

Hand Weapons
 a - a +1 war axe (weapon)
Missiles
 d - 2 throwing nets (quivered)
Armour
 b - a +1 pair of boots (worn)
 c - a +0 helmet (worn)
 p - a +0 ring mail of cold resistance (worn)
 y - a +0 chain mail
Jewellery
 m - a ring of fire
 v - a ring of protection from fire (left hand)
 w - an amulet of magic regeneration
Wands
 s - a wand of flame (11)
 t - a wand of charming (18)
 x - a wand of digging (6)
Scrolls
 k - a scroll of enchant armour
Potions
 e - 2 potions of resistance {unknown}
 g - 7 potions of mutation
 h - 3 potions of brilliance {unknown}
 i - 3 potions of cancellation
 j - 3 potions of lignification {unknown}
 l - 5 potions of attraction
 n - a potion of flight {unknown}
 o - 2 potions of might
 q - 2 potions of magic {unknown}
 r - 2 potions of haste {unknown}
 u - a potion of berserk rage {unknown}


   Skills:
 * Level 3.6 Fighting
 - Level 5.0 Axes
 + Level 4.0 Throwing
 * Level 4.7 Armour
 - Level 3.0 Dodging


You had 6 spell levels left.
You didn't know any spells.
Your spell library contained the following spells:

 Spells                   Type           Power      Damage    Failure   Level
 Cigotuvi's Dreadful Rot  Necr/Pois/Air  0%         N/A       75%         2
 Poisonous Vapours        Pois/Air       0%         N/A       75%         2
 Ignite Poison            Fire/Tmut/Pois 0%         N/A       93%         3
 Mephitic Cloud           Conj/Pois/Air  0%         N/A       93%         3
 Ozocubu's Armour         Ice            0%         N/A       93%         3
 Volatile Blastmotes      Fire/Tloc      0%         2d10      93%         3
 Fulminant Prism          Conj/Hex       0%         3d5       100%        4
 Iskenderun's Mystic Bla  Conj/Tloc      0%         2d3       100%        4
 Manifold Assault         Tloc           0%         N/A       100%        4
 Freezing Cloud           Conj/Ice/Air   0%         6-21      100%        5
 Lee's Rapid Deconstruct  Erth           0%         3d4*      100%        5
 Dispersal                Tloc           0%         N/A       100%        6
 Ozocubu's Refrigeration  Ice            0%         4d7       100%        7
 Disjunction              Tloc           0%         N/A       100%        8


Dungeon Overview and Level Annotations

Branches:
Dungeon (6/15)              Sewer (visited)
 Temple: D:4-7

Altars:
Cheibriados
Zin

Shops:
D:1 *   D:3 (

Annotations:
D:5 Ijyb


Message History

The sky beast is moderately wounded.
You hit the hound. The hound barely misses you.
The hound bites you but does no damage.
The sky beast hits you but does no damage.
You closely miss the sky beast.
The sky beast is moderately wounded.
You slash the hound! The hound bites you but does no damage.
The sky beast flickers out of sight!
Deactivating autopickup; reactivate with Ctrl-A.
Something hits you but does no damage. The hound closely misses you.
Something hits you. Something shocks you.
You slash the hound!
You kill the hound!
You miss something. Something hits you. Something shocks you.
You completely miss something. Something hits you but does no damage.
You completely miss something. Something hits you.
* * * LOW HITPOINT WARNING * * *
Something shocks you.
* * * LOW HITPOINT WARNING * * *
You miss something.
A sky beast appears from thin air!
Reactivating autopickup.
The sky beast hits you but does no damage.
The sky beast flickers out of sight!
Deactivating autopickup; reactivate with Ctrl-A.
Something hits you but does no damage.
You slash something! Something barely misses you.
You barely miss something.
You hear the slow hiss of a very distant avalanche of sand.
Something hits you.
* * * LOW HITPOINT WARNING * * *
Something shocks you.
* * * LOW HITPOINT WARNING * * *
You feel better. Something hits you.
* * * LOW HITPOINT WARNING * * *
Something shocks you.
* * * LOW HITPOINT WARNING * * *
Something hits you.
* * * LOW HITPOINT WARNING * * *
Something shocks you.
You die...

#########.# #.# #.# #.#
#.# #.#.# ###### #.#.###
###########....# #.#...#
.....>{@.......# #.###.#
........###....# #.# #.#
........# #....# #.# #.#
........###....###.###.#
..................!.....
........###........###.#
........# #....##### #..
........# #....# ###
#....#


There were no monsters in sight!

Vanquished Creatures
  A water moccasin (D:3)
  An ice beast (D:5)
  3 jellies (Sewer)
  3 hounds
  3 gnolls (D:4)
  2 river rats
  9 adders
  An ufetubus (D:4)
  A worm (D:3)
  4 dart slugs
  9 orcs
  16 ball pythons
  17 endoplasms
  9 giant cockroaches
  6 goblins
  7 hobgoblins
  A jackal (D:4)
  6 quokkas
  9 frilled lizards
  10 kobolds
  11 rats
129 creatures vanquished.

Vanquished Creatures (others)
  An adder (D:5)
1 creature vanquished.

Grand Total: 130 creatures vanquished

Notes
Turn   | Place    | Note
-------+----------+-------------------------------------------
     0 | D:1      | Anriel the Human Gladiator began the quest for the Orb.
     0 | D:1      | Reached XP level 1. HP: 16/16 MP: 1/1
    77 | D:1      | Reached XP level 2. HP: 18/22 MP: 2/2
   334 | D:1      | Reached skill level 1 in Armour
   606 | D:1      | Found Licwufi's General Store.
   610 | D:1      | Bought a potion of degeneration for 13 gold pieces
   860 | D:2      | Reached XP level 3. HP: 28/28 MP: 3/3
  1225 | D:2      | Reached XP level 4. HP: 35/35 MP: 4/4
  1478 | D:3      | Found Jymutt Boar's Weapon Emporium.
  1685 | D:3      | You fall into a shaft and drop 2 floors!
  1685 | D:5      | Entered Level 5 of the Dungeon
  1781 | D:4      | Noticed a water moccasin
  1822 | D:3      | Killed a water moccasin
  1823 | D:3      | Reached XP level 5. HP: 23/41 MP: 5/5
  1864 | D:3      | Reached XP level 6. HP: 32/47 MP: 6/6
  1897 | D:3      | Reached skill level 4 in Axes
  1929 | D:3      | Found a glowing drain.
  1934 | Sewer    | Entered a sewer
  2211 | Sewer    | Reached XP level 7. HP: 44/52 MP: 7/7
  2220 | Sewer    | Found a viscous altar of Jiyva.
  3732 | D:4      | Found a snail-covered altar of Cheibriados.
  4067 | D:4      | Found a glowing silver altar of Zin.
  4135 | D:5      | Reached skill level 5 in Axes
  4274 | D:5      | Noticed Ijyb
  4396 | D:6      | HP: 1/52 [something (4)]
  4396 | D:6      | Slain by a sky beast

Illustrated notes

Levels and vault maps discovered:
D:1:      lordsloth_arrival_two_stooges, layout_basic, serial_shops,
          nicolae_shop_back_alley_shop
D:2:      cheibrodos_old_hovel, layout_rooms, dk_noncrumbling_2, minmay_cut_off
D:3:      layout_basic, serial_shops, shop, lightli_sewer_entry_pipes,
          glass_columns_a, amcnicky_mini_corridor_feature, minmay_pentangle
D:4:      wad_woods_stonehenge, layout_basic, zin_treasury, uniq_sigmund
D:5:      layout_loops_ring, serial_shops, shop,
          hangedman_abyss_or_decor_lesser_grid, uniq_blork_the_orc, uniq_ijyb
D:6:      layout_basic, minmay_temple_entry_hall, serial_shops, shop,
          nicolae_ossuary_entry_ruins

Skill      XL: |  1  2  3  4  5  6  7 |
---------------+----------------------+-----
Armour         | 1 2 3 4 |  4.7
Fighting       | 3 |  3.6
Throwing       | 3 4 |  4.0
Axes           | 4 5 |  5.0
Dodging        | |  3.0

Action                     |  1- 3 |  4- 6 |  7- 9 || total
---------------------------+-------+-------+-------++-------
  Melee: War axe           |    71 |   160 |   120 ||   351
         Punch             |       |       |     1 ||     1
  Throw: Javelin           |     8 |       |       ||     8
         Throwing net      |       |       |     2 ||     2
  Evoke: Wand              |       |       |     2 ||     2
    Use: Scroll            |     3 |     1 |     5 ||     9
         Potion            |       |     2 |     4 ||     6
   Stab: Held in net/web   |       |       |     1 ||     1
 Armour: Leather armour    |     2 |       |       ||     2
         Ring mail         |    30 |    77 |    76 ||   183
  Dodge: Dodged            |    41 |   128 |    64 ||   233
